Map: Dusk Towers

Players

Xeon - Winner!

  • Race: Zerg Zerg
  • League: Platinum

blackxored

  • Race: Zerg Zerg
  • League: Diamond

VOD

Have the link to the VOD?

Description

Time

  • Played on: July 1, 2016, 8:25 p.m.
  • Length: 7:39
Show
View Real Time Build Order
Export as new Build Order

Xeon Zerg - Winner!

Build Orders: Hatch First, Zergling Baneling 

Get SALT Encoding   

  12  0:01  Drone  
  13  0:13  Overlord  
  13  0:17  Drone  
  14  0:23  Extractor  
  14  0:24  Drone  
  15  0:31  Drone  
  16  0:35  Drone  
  17  0:53  Hatchery  
  17  0:56  Drone  
  17  0:59  Extractor  
  17  1:00  Drone  
  17  1:16  Spawning Pool  
  16  1:19  Drone  
  16  1:22  Drone  
  18  1:34  Drone  
  19  1:41  Overlord  
  19  1:52  Drone  
  20  2:02  Metabolic Boost  
  20  2:05  Queen  
  20  2:06  Zergling x4  
  24  2:11  Queen  
  26  2:18  Drone x2  
  28  2:27  Drone x2  
  30  2:40  Drone x2  
  32  2:45  Drone  
  32  2:49  Overlord  
  33  3:06  Baneling Nest  
  33  3:09  Spine Crawler  
  33  3:10  Zergling x4  
  33  3:21  Lair  
  33  3:22  Drone x2  
  33  3:23  Drone  
  36  3:29  Hatchery  
  36  3:30  Drone  
  36  3:31  Drone  
  37  3:38  Overlord  
  37  3:39  Drone x3  
  40  3:46  Extractor  
  39  3:50  Drone  
  39  3:53  Extractor  
  39  3:54  Extractor  
  37  4:00  Zergling x6  
  37  4:01  Zergling x4  
  42  4:07  Zergling x2  
  43  4:21  Baneling x3  
  43  4:27  Zergling x6  
  45  4:34  Zergling x12  
  48  4:41  Baneling x3  
  47  4:47  Baneling x2  
  47  4:52  Zergling x6  
  50  4:59  Zergling x6  
  51  5:02  Overlord x2, Baneling x3  
  44  5:24  Zergling x8  
  44  5:28  Overseer  
  48  5:30  Drone  
  48  5:31  Drone  
  48  5:32  Spire  
  49  5:37  Zergling x6  
  52  5:46  Drone x2  
  54  5:51  Baneling x9  
  54  5:52  Drone  
  54  5:55  Hatchery  
  54  5:59  Drone  
  43  6:49  Mutalisk x6  
  52  6:57  Drone x2  
  52  7:00  Mutalisk  
  58  7:22  Drone x5  
  65  7:23  Drone x4  
Show
View Real Time Build Order
Export as new Build Order

blackxored Zerg 

Build Orders: Pool First, Zergling Baneling 

Get SALT Encoding   

  12  0:01  Drone  
  13  0:08  Drone  
  14  0:22  Extractor  
  14  0:24  Drone  
  14  0:34  Spawning Pool  
  13  0:36  Drone  
  14  0:45  Overlord  
  14  0:52  Extractor, Drone  
  15  1:05  Drone x2  
  17  1:13  Drone  
  18  1:21  Queen  
  20  1:25  Overlord  
  20  1:33  Metabolic Boost  
  20  1:39  Drone  
  21  1:48  Baneling Nest  
  21  1:52  Zergling x4  
  22  2:05  Zergling x2  
  23  2:13  Zergling x2  
  24  2:23  Drone, Hatchery  
  24  2:31  Zergling x6  
  27  2:43  Zergling x2  
  28  2:50  Overlord  
  28  3:03  Zergling x2  
  29  3:11  Zergling x2  
  30  3:22  Zergling x6  
  33  3:35  Zergling x2, Queen  
  36  3:42  Drone  
  36  3:47  Zergling x10  
  42  3:54  Hatchery  
  40  3:58  Zergling x2  
  41  4:07  Zergling x4  
  43  4:11  Baneling x7  
  38  4:54  Baneling x4  
  38  4:55  Baneling x2  
  35  5:10  Zergling x12  
  33  5:26  Roach Warren  
  33  5:27  Zergling x6  
  34  5:29  Baneling x2  
  34  5:36  Baneling  
  34  5:49  Baneling  
  34  5:50  Drone  
  35  5:58  Overlord  
  27  6:24  Roach x3  
  24  6:54  Roach x3  
  24  6:59  Drone x10  
  24  7:00  Drone x2  
  24  7:01  Queen  
  42  7:02  Queen  
  46  7:09  Drone  
  46  7:12  Extractor  
  46  7:18  Drone  
  46  7:19  Drone  
  48  7:23  Drone  
  48  7:25  Drone  
Tags
 
Add a new tag
Caveats
  • Supply blocks, unpowered buildings, or Contaminate may cause inaccurate times.
  • Supply counts are checked every 10 seconds.